 Dungeon Crawl Stone Soup version 0.26-a0-707-g31817bcca1 (webtiles) character file.

Game seed: 13948664902830870654

55 zazu2006 the Magician (level 3, -6/28 HPs)
             Began as a Naga Hedge Wizard on Oct 26, 2020.
             Mangled by a worm (11 damage)
             ... on level 2 of the Dungeon.
             The game lasted 00:02:44 (1722 turns).

zazu2006 the Magician (Naga Hedge Wizard)           Turns: 1722, Time: 00:02:45

Health: -6/28      AC:  2    Str: 12    XL:     3   Next: 93%
Magic:  5/8        EV:  9    Int: 15    God:
Gold:   99         SH:  0    Dex: 10    Spells: 1/10 levels left

rFire    . . .     SeeInvis +   a - +0 dagger
rCold    . . .     Faith    .   (no shield)
rNeg     . . .     Spirit   .   g - +0 leather armour
rPois    +         Reflect  .   c - +0 hat
rElec    .         Harm     .   (no cloak)
rCorr    .         Rampage  .   (no gloves)
MR       .....                  (no barding)
Stlth    ++........             (no amulet)
HPRegen  0.09/turn              (no ring)
MPRegen  0.11/turn              (no ring)

@: very slow
A: large, see invisible, deformed body, poison resistance, slowness 2, spit
poison 1, AC +1
a: Spit Poison


You were on level 2 of the Dungeon.
You visited 1 branch of the dungeon, and saw 2 of its levels.

You collected 99 gold pieces.

Inventory:

Hand Weapons
 a - a +0 dagger (weapon)
Armour
 c - a +0 hat (worn)
 g - a +0 leather armour (worn)
Scrolls
 d - 3 scrolls of teleportation {unknown}
 f - a scroll of enchant armour {unknown}
Potions
 e - 2 potions of curing {unknown}


   Skills:
 + Level 0.2 Fighting
 + Level 1.8 Dodging
 + Level 3.1 Stealth
 + Level 4.1 Spellcasting
 + Level 1.2 Conjurations
   Level 1.0 Summonings
 + Level 1.0 Translocations


You had one spell level left.
You knew the following spells:

 Your Spells              Type           Power        Failure   Level
a - Magic Dart            Conj           #...         14%         1
b - Mephitic Cloud        Conj/Pois/Air  #.......     50%         3
c - Conjure Flame         Conj/Fire      #.......     47%         3
d - Blink                 Tloc           N/A          22%         2

Your spell library contained the following spells:

 Spells                   Type           Power        Failure   Level
 Call Imp                 Summ           #.......     22%         2
 Slow                     Hex            #.......     34%         2


Dungeon Overview and Level Annotations

Branches:
Dungeon (2/15)

Altars:


Innate Abilities, Weirdness & Mutations

You cannot wear boots.
Your serpentine skin is tough. (AC +1)
You have supernaturally acute eyesight. (SInv)
Armour fits poorly on your strangely shaped body.
Your system is resistant to poisons. (rPois)
You cover ground very slowly.
You can spit poison.


Message History

The worm is almost dead.
A hobgoblin comes into view. It is wielding a +0 club.
Found a stone staircase leading down.
Casting: Magic Dart (safe; 14% risk of failure)
Confirm with . or Enter, or press ? or * to list all spells.
Aiming: Magic Dart (safe; 14% risk of failure)
Press: ? - help, Shift-Dir - straight line, f/p - worm
Aim: a worm (severely wounded)
The magic dart hits the worm.
The worm is almost dead.
A giant cockroach comes into view.
Casting: Magic Dart (safe; 14% risk of failure)
Confirm with . or Enter, or press ? or * to list all spells.
Aiming: Magic Dart (safe; 14% risk of failure)
Press: ? - help, Shift-Dir - straight line, f/p - worm
Aim: a worm (almost dead)
The magic dart hits the worm but does no damage.
The worm is almost dead.
The worm bites you!
You die...

.##.......#
.....##.......#
..)..##.....### #
..##.##....#### # #.
#.......#......
#g##.####.##.####.#####
.>...##.##.# #.#####
#.#.##.##.####......
#..@w.....†.....####
#..........####.####
#....).....# #.##..
#.........(.# #.##.#
##...?......# #.....
##.........# ####.#
####..B#### #.# #./.#
#.. ##.


You could see a worm, a giant cockroach and a hobgoblin (asleep).

Vanquished Creatures
  An ooze (D:1)
  4 dart slugs (D:1)
  2 leopard geckos (D:1)
  5 giant cockroaches (D:1)
  3 goblins
  6 hobgoblins (D:1)
  3 kobolds (D:1)
  6 bats
  4 frilled lizards
  5 rats (D:1)
39 creatures vanquished.

Notes
Turn   | Place    | Note
-------+----------+-------------------------------------------
     0 | D:1      | zazu2006 the Naga Hedge Wizard began the quest for the Orb.
     0 | D:1      | Reached XP level 1. HP: 15/15 MP: 4/4
   212 | D:1      | Reached XP level 2. HP: 22/22 MP: 4/6
   713 | D:1      | Reached XP level 3. HP: 28/28 MP: 4/8
   797 | D:1      | Reached skill level 4 in Spellcasting
  1540 | D:2      | Learned a level 3 spell: Mephitic Cloud
  1544 | D:2      | Learned a level 3 spell: Conjure Flame
  1547 | D:2      | Learned a level 2 spell: Blink
  1722 | D:2      | Mangled by a worm

Illustrated notes

Levels and vault maps discovered:
D:1:      dpeg_arrival_chambers_temple_mockup, layout_loops_ring,
          minmay_quantized
D:2:      layout_loops_cross, old_standard_altar, minmay_tall_x, uniq_jessica,
          uniq_sigmund

Skill      XL: |  1  2  3 |
---------------+----------+-----
Spellcasting   | 4 |  4.1
Fighting       | |  0.2
Dodging        | |  1.8
Stealth        | |  3.1
Conjurations   | |  1.2
Summonings     | |  1.0
Translocations | |  1.0

Action                   || total
-------------------------++-------
Melee: Dagger            ||    34
 Cast: Magic Dart        ||    85
 Abil: Spit Poison       ||    21
 Stab: Sleeping          ||     1
Armor: Robe              ||    14
       Leather armour    ||     4
Dodge: Dodged            ||    26

Table legend: (Time is in decaauts)
 A = Elapsed time spent in this place.
 B = Non-inter-level travel time spent in this place.
 C = Inter-level travel time spent in this place.
 D = Time resting spent in this place.
 E = Time spent auto-exploring this place.
 F = Levels seen in this place.
 G = Mean time per level.
                   A        B        C        D        E       F      G
               +--------+--------+--------+--------+--------+-----+--------+
         Total |   2019 |   2001 |     18 |      0 |   1690 |   2 | 1009.5 |
       Dungeon |   2019 |   2001 |     18 |      0 |   1690 |   2 | 1009.5 |
               +--------+--------+--------+--------+--------+-----+--------+

Top non-repeatable levels by time:
     D:1: 1768 daAuts
     D:2: 251 daAuts
